 Dungeon Crawl Stone Soup version 0.29.1-15-g9cfb28693d (webtiles) character file.

Game seed: 85836564001197927

31599 kingofthe the Nimble (level 13, -5/63 HPs)
             Began as a Deep Elf Conjurer on Mar 11, 2023.
             Was a High Priest of Sif Muna.
             Shot with an arrow by Nessos (8 damage)
             ... on level 3 of the Lair of Beasts.
             The game lasted 01:09:18 (16279 turns).

kingofthe the Nimble (Deep Elf Conjurer)           Turns: 16279, Time: 01:09:19

Health: -5/63      AC:  7    Str:  4    XL:     13   Next: 26%
Magic:  37/40      EV: 19    Int: 27    God:    Sif Muna [*****.]
Gold:   819        SH:  0    Dex: 15    Spells: 10/36 levels left

rFire   . . .      SeeInvis .   a - staff of conjuration {!a}
rCold   . . .      Faith    .   (no shield)
rNeg    . . .      Spirit   .   c - +2 robe {Archmagi}
rPois   .          Reflect  .   g - +1 helmet
rElec   .          Harm     .   (no cloak)
rCorr   .          Rampage  .   (no gloves)
Will    +....      Archmagi +   k - +0 pair of boots
Stlth   ++++......              m - amulet of magic regeneration
HPRegen 0.20/turn               M - ring of magical power
MPRegen 0.67/turn               Z - ring of wizardry

@: lethally poisoned (-5 -> -20)
A: no striking features
a: Renounce Religion, Channel Magic, Forget Spell, Divine Exegesis


You were on level 3 of the Lair of Beasts.
You worshipped Sif Muna.
Sif Muna was extremely pleased with you.
You visited 3 branches of the dungeon, and saw 15 of its levels.
You also visited: Sewer and Ossuary.

You collected 1047 gold pieces.
You spent 228 gold pieces at shops.


   Skills:
 * Level 12.9 Dodging
 + Level 9.5 Stealth
 + Level 12.1 Spellcasting
 + Level 11.0 Conjurations
 + Level 11.6 Hexes
 - Level 5.0 Translocations
 - Level 9.1 Fire Magic
 * Level 4.3 Earth Magic
 * Level 4.2 Invocations


You had 10 spell levels left.
You knew the following spells:

 Your Spells              Type           Power      Damage    Failure   Level
a - Magic Dart            Conj           100%       1d8       1%          1
b - Searing Ray           Conj           100%       2d8       1%          2
c - Iskenderun's Mystic   Conj/Tloc      94%        2d18      1%          4
d - Fulminant Prism       Conj/Hex       54%        3d23      1%          4
e - Cause Fear            Hex            43%        N/A       1%          4
f - Sticky Flame          Conj/Fire      100%       2d11      1%          4
g - Lee's Rapid Deconstr  Erth           28%        3d16*     6%          5
z - Blink                 Tloc           100%       N/A       1%          2

Your spell library contained the following spells:

 Spells                   Type           Power      Damage    Failure   Level
 Necrotise                Necr           96%        1d8       1%          1
 Sting                    Tmut/Pois      96%        1d7       1%          1
 Static Discharge         Conj/Air       81%        3-14/arc  1%          2
 Dazzling Flash           Conj/Hex       100%       N/A       1%          3
 Ignite Poison            Fire/Tmut/Pois 49%        N/A       1%          3
 Inner Flame              Hex/Fire       83%        N/A       1%          3
 Portal Projectile        Hex/Tloc       100%       N/A       1%          3
 Tukima's Dance           Hex            87%        N/A       1%          3
 Spider Form              Tmut/Pois      24%        N/A       4%          3
 Vampiric Draining        Necr           24%        2d7       4%          3
 Irradiate                Conj/Tmut      40%        3d25      4%          5
 Manifold Assault         Tloc           60%        N/A       4%          5
 Animate Armour           Summ/Erth      84%        N/A       6%          4
 Dispel Undead            Necr           24%        3d12      14%         4
 Olgreb's Toxic Radiance  Pois           24%        N/A       14%         4
 Agony                    Necr           24%        N/A       34%         5
 Blade Hands              Tmut           12%        N/A       34%         5
 Discord                  Hex            43%        N/A       56%         8
 Statue Form              Tmut/Erth      28%        N/A       61%         6
 Eringya's Noxious Bog    Tmut/Pois      12%        N/A       88%         6
 Ignition                 Fire           39%        3d12      88%         8
 Dragon Form              Tmut           12%        N/A       100%        7
 Ozocubu's Refrigeration  Ice            12%        4d10      100%        7
 Storm Form               Tmut/Air       12%        N/A       100%        7
 Dragon's Call            Summ           12%        N/A       100%        9

Inventory:

Hand Weapons
 b - a +2 dagger of venom
 F - a +2 vorpal short sword
Missiles
 Q - 2 throwing nets {=f}
Armour
 c - a +2 robe of the Archmagi (worn)
 g - a +1 helmet (worn)
 k - a +0 pair of boots (worn)
 E - +0 steam dragon scales
 P - the +1 pair of boots "Vysatom" {Fly rF- rN+++ Will-}
   (You bought it in a shop on level 11 of the Dungeon)

   rF:        It makes you vulnerable to fire.
   rN:        It renders you almost immune to negative energy.
   Fly:       It grants you flight.
   Will:      It decreases your willpower.
 T - the +2 chain mail "Huigief" {rPois rC- rN+ Dex+3}
   (You took it off an orc on level 10 of the Dungeon)

   Dex:       It affects your dexterity (+3).
   rC:        It makes you vulnerable to cold.
   rPois:     It protects you from poison.
   rN:        It protects you from negative energy.
Magical Staves
 a - a staff of conjuration (weapon) {!a}
Jewellery
 l - an amulet of guardian spirit
 m - an amulet of magic regeneration (around neck)
 C - a ring of protection from cold
 M - a ring of magical power (left hand)
 N - a ring of positive energy
 R - a ring of resist corrosion
 Z - a ring of wizardry (right hand)
Wands
 u - a wand of paralysis (34)
 w - a wand of flame (28)
 G - a wand of digging (8)
 K - a wand of light (2)
Scrolls
 d - a scroll of noise {unknown}
 e - 5 scrolls of teleportation {@r2}
 h - 3 scrolls of identify {@r1}
 i - 2 scrolls of enchant weapon {unknown}
 r - 4 scrolls of enchant armour {unknown}
 t - a scroll of brand weapon
 x - 2 scrolls of poison {unknown}
 y - a scroll of immolation
 z - 2 scrolls of magic mapping {unknown}
 A - 2 scrolls of torment
 H - a scroll of butterflies {unknown}
 I - a scroll of vulnerability {unknown}
 J - 4 scrolls of fear
 S - 2 scrolls of silence {unknown}
 W - a scroll of amnesia {unknown}
Potions
 f - 5 potions of lignification
 j - 9 potions of curing {@q1}
 n - 4 potions of magic
 o - 4 potions of haste {@q3}
 p - 8 potions of ambrosia
 q - 3 potions of heal wounds {@q2}
 s - 3 potions of brilliance
 v - a potion of mutation {unknown}
 B - 4 potions of might
 D - a potion of resistance {unknown}
 L - 2 potions of attraction
 U - a potion of cancellation {unknown}
 V - 3 potions of flight
Miscellaneous
 O - a phantom mirror

Dungeon Overview and Level Annotations

Branches:
Dungeon (11/15)            Temple (1/1) D:4            Lair (3/5) D:9
 Shoals (0/4) Lair:2       Spider (0/4) Lair:3        Sewer (visited)
Ossuary (visited)
    Orc: D:9-12

Altars:
Ashenzari
Cheibriados
Dithmenos
Elyvilon
Fedhas
Gozag
Hepliaklqana
Kikubaaqudgha
Makhleb
Nemelex Xobeh
Okawaru
Qazlal
Ru
Sif Muna
Trog
Uskayaw
Vehumet
Wu Jian
Xom
Yredelemnul
Zin
The Shining One

Shops:
D:6 [   D:9 (   D:11 [

Portals:
Trove: D:11 (give 7 scrolls of blinking)

Annotations:
D:3 2 runed translucent doors, Crazy Yiuf; Seidenschwarz's ghost, amateur MiFi
Lair:1 1 runed translucent door, Bukhlaj's ghost, journeyman HOFi
Lair:3 Nessos

.......# #.....# ......##
######..... ......### #...[.....P
..#.....# ##........#
###.....###### #........#
###.....P.##.### #........#
#............#.### #..........
##............[..# ##.........
.##.............@# #..........
...#P[.##.##.....# ~~~.~~~...P
...#########.....# .~~.~~.~...
....## ##....c...~~.~.~.~~...
.....### #........~~~...~~~...
...⌠...######......^.....>.......
........#.⌠.##.....§~c~~...~~~...
.......#.....###..(..~~.~.~.~~...
.⌠.<.⌠.'..<.⌠.##.....~.~~.~~.~...


You could see Nessos.


Message History

The arrow burns your fulminant prism.
Your fulminant prism detonates feebly.
Casting: Fulminant Prism (safe; 1% risk of failure)
Confirm with . or Enter, or press ? or * to list all spells.
Aiming: Fulminant Prism (safe; 1% risk of failure)
Press: ? - help, Dir - move target You feel a strong surge of power!
You conjure a prism of explosive energy!
A fulminant prism comes into view.
Nessos zaps a wand.
The mass of ice explodes!
The iceblast engulfs your fulminant prism!
Nessos mumbles some strange words.
Nessos blinks!
Nessos shoots an arrow.
The arrow hits you!! The arrow burns you.
You are poisoned.
Your fulminant prism crackles loudly.
You feel very sick.
Nessos gestures wildly while chanting.
Nessos blinks!
Your fulminant prism explodes!
You feel very sick.
There is an escape hatch in the ceiling here.
You start resting.
You feel sick. x2
Nessos zaps a wand.
The mass of ice explodes!
The iceblast engulfs you.
* * * LOW HITPOINT WARNING * * *
You feel sick.
Nessos shoots an arrow.
The arrow hits you!!
* * * LOW HITPOINT WARNING * * *
The arrow burns you!
You are more poisoned.
You die...

Skill      XL: |  1  2  3  4  5  6  7  8  9 10 11 12 13 |
---------------+----------------------------------------+-----
Dodging        | 3 5 7 9 11 12 | 12.9
Stealth        | 3 4 5 7 8 9 |  9.5
Spellcasting   | 4 5 6 7 9 10 11 12 | 12.1
Translocations | 1 2 3 4 5 |  5.0
Conjurations   | 5 6 7 8 9 10 11 | 11.0
Hexes          | 1 3 4 6 7 8 9 10 11 | 11.6
Fire Magic     | 2 5 7 9 |  9.1
Earth Magic    | 3 4 |  4.3
Invocations    | 3 4 |  4.2

Action                   |  1- 3 |  4- 6 |  7- 9 | 10-12 | 13-15 || total
-------------------------+-------+-------+-------+-------+-------++-------
 Cast: Magic Dart        |    45 |   135 |    80 |   100 |     4 ||   364
       Searing Ray       |       |    23 |    36 |    90 |     6 ||   155
       Fulminant Prism   |       |       |    26 |   112 |    22 ||   160
       Iskenderun's Myst |       |       |     5 |    17 |     4 ||    26
       Blink             |       |       |       |     9 |       ||     9
       Sticky Flame      |       |       |       |     3 |     7 ||    10
       Cause Fear        |       |       |       |    13 |     1 ||    14
  Use: Scroll            |       |     1 |     5 |    12 |       ||    18
       Potion            |       |       |       |     3 |       ||     3
Armor: Robe              |     1 |    13 |     9 |    40 |     1 ||    64
Dodge: Dodged            |     4 |    31 |    28 |   168 |    15 ||   246

Levels and vault maps discovered:
D:1:      minmay_arrival_hallway, layout_loops_cross,
          shapermc_ecumenical_altar_flowoftime,
          wander_ebering_terrifying_dragon_lair
D:2:      layout_loops_ring, grunt_ministairs_3, chequers_serial_rivers_room_b,
          uniq_robin
D:3:      layout_basic, okawaru_metal_pillars_1_2, ebering_ghost_sewer_d,
          uniq_crazy_yiuf_cottage
D:4:      layout_rooms, mainiacjoe_overflow_alcove_1, ashenzari_altar_1,
          minmay_temple_entry_antechambers, portal_sewer_entry_e
D:5:      layout_basic, trog_wizard, grunt_dithmenos_shadows,
          lemuel_blue_sif_altar, uniq_grinder
D:6:      layout_basic, nicolae_qazlal_general_emergency,
          nemelex_diamond_rough_becter, nicolae_overflow_hidden_temple,
          nicolae_ru_awakened_eye, serial_shops, shop_fountains
D:7:      layout_rooms, nicolae_wu_jian_glorious_leap, uniq_menkaure
D:8:      minmay_inner_zag, layout_cave_pools, nicolae_ossuary_entry_catacombs,
          nicolae_figureground_sparkle
D:9:      layout_basic, lemuel_coloured_pillars_altar,
          mainiacjoe_overflow_surrounded_room, due_lair_maze_entry_diamond,
          serial_shops, nicolae_take_the_stairs
D:10:     layout_loops_ring, cheibriados_altar_1, minmay_radiant, uniq_maggie
D:11:     layout_cave_pools, serial_shops, shop_fountains,
          portal_ice_cave_entry_animals_and_master,
          nicolae_trove_entry_crossroad, gauntlet_entry_generic, minivault_4,
          serial_bayou_pond_e
Temple:   nicolae_temple_bog_church
Lair:1:   layout_chaotic_city, ebering_ghost_reflecting_pool,
          hangedman_lair_unloving_vines, grunt_forest_stairs_basic,
          nicolae_lair_grove_arrangements, minmay_lair_oklob_bushes
Lair:2:   layout_roguey [special_room_bee], elwin_shoals_entry_stream,
          serial_bayou_ford_a
Lair:3:   layout_cellular_growth, spider_nest_entry_a,
          cheibrodos_lair_reptile_den, grunt_megastairs_3, uniq_nessos

Notes
Turn   | Place    | Note
-------+----------+-------------------------------------------
     0 | D:1      | kingofthe the Deep Elf Conjurer began the quest for the
                  | Orb.
     0 | D:1      | Reached XP level 1. HP: 10/10 MP: 6/6
     7 | D:1      | Identified a +2 robe of the Archmagi
   321 | D:1      | Reached XP level 2. HP: 15/15 MP: 6/8
   324 | D:1      | Learned a level 2 spell: Searing Ray
   339 | D:1      | Found a faded altar of an unknown god.
   568 | D:1      | Learned a level 2 spell: Blink
  1088 | D:2      | Reached skill level 3 in Dodging
  1123 | D:2      | Reached skill level 3 in Stealth
  1123 | D:2      | Reached XP level 3. HP: 19/19 MP: 2/10
  1275 | D:2      | Reached skill level 4 in Spellcasting
  1275 | D:2      | Reached XP level 4. HP: 24/24 MP: 9/12
  1399 | D:2      | Reached skill level 1 in Translocations
  1561 | D:2      | Noticed Robin
  1570 | D:2      | Killed Robin
  2030 | D:3      | Learned a level 4 spell: Fulminant Prism
  2191 | D:3      | Found an iron altar of Okawaru.
  2225 | D:3      | Found a runed translucent door.
  2225 | D:3      | Noticed a bullfrog
  2330 | D:3      | Found a runed translucent door.
  2331 | D:3      | Noticed Crazy Yiuf
  2551 | D:3      | Noticed Seidenschwarz's ghost (amateur MiFi)
  2636 | D:4      | Reached skill level 5 in Conjurations
  2673 | D:4      | Found a broken altar of Ashenzari.
  2708 | D:4      | Reached skill level 1 in Hexes
  2708 | D:4      | Reached XP level 5. HP: 28/28 MP: 9/13
  2725 | D:4      | Found a radiant altar of Vehumet.
  2770 | D:4      | Noticed an ice beast
  2811 | D:4      | Killed an ice beast
  2812 | D:4      | Reached skill level 2 in Hexes
  2812 | D:4      | Reached skill level 2 in Translocations
  2891 | D:4      | Reached skill level 3 in Hexes
  2891 | D:4      | Reached XP level 6. HP: 32/32 MP: 8/15
  2901 | D:4      | Found a glowing drain.
  2907 | Sewer    | Entered a sewer
  3005 | Sewer    | Reached skill level 5 in Spellcasting
  3208 | Sewer    | Reached skill level 4 in Hexes
  3587 | Sewer    | Reached skill level 3 in Translocations
  3587 | Sewer    | Reached XP level 7. HP: 36/36 MP: 12/17
  3743 | D:4      | Reached skill level 5 in Hexes
  3749 | D:4      | Found a staircase to the Ecumenical Temple.
  3759 | Temple   | Entered the Ecumenical Temple
  4126 | D:5      | Entered Level 5 of the Dungeon
  4138 | D:5      | Reached skill level 6 in Conjurations
  4319 | D:5      | Reached skill level 6 in Spellcasting
  4319 | D:5      | Reached skill level 6 in Hexes
  4740 | D:5      | You fall into a shaft and drop 2 floors!
  4752 | D:6      | Found a glowing golden altar of the Shining One.
  4808 | D:6      | Reached XP level 8. HP: 41/41 MP: 15/19
  4835 | D:6      | Learned a level 4 spell: Iskenderun's Mystic Blast
  4960 | D:5      | Reached skill level 7 in Hexes
  4996 | D:5      | Noticed Grinder
  5009 | D:5      | Killed Grinder
  5010 | D:5      | Reached skill level 4 in Dodging
  5010 | D:5      | Reached skill level 7 in Spellcasting
  5195 | D:5      | Found a bloodstained altar of Trog.
  5196 | D:5      | Noticed a wizard
  5202 | D:5      | Killed a wizard
  5244 | D:5      | Found a shimmering blue altar of Sif Muna.
  5247 | D:5      | Became a worshipper of Sif Muna the Loreminder
  5339 | D:5      | Found a shadowy altar of Dithmenos.
  5466 | D:6      | Reached skill level 7 in Conjurations
  5477 | D:6      | Reached skill level 4 in Stealth
  5513 | D:6      | Learned a level 4 spell: Cause Fear
  5542 | D:6      | Reached skill level 5 in Dodging
  5640 | D:6      | Found a stormy altar of Qazlal.
  5748 | D:6      | Found a sacrificial altar of Ru.
  5772 | D:6      | Found Enkak's Armour Shoppe.
  5884 | D:6      | Found a sparkling altar of Nemelex Xobeh.
  6127 | D:7      | Noticed Menkaure
  6132 | D:7      | Killed Menkaure
  6133 | D:7      | Reached skill level 4 in Translocations
  6133 | D:7      | Reached XP level 9. HP: 18/45 MP: 14/22
  6162 | D:7      | Reached skill level 8 in Spellcasting
  6409 | D:7      | Reached * piety under Sif Muna
  6490 | D:7      | Reached skill level 6 in Dodging
  6494 | D:7      | Reached skill level 5 in Stealth
  6494 | D:7      | Reached skill level 8 in Conjurations
  6494 | D:7      | Reached skill level 8 in Hexes
  6612 | D:7      | Learned a level 4 spell: Sticky Flame
  6777 | D:7      | Found an ornate altar of the Wu Jian Council.
  6989 | D:8      | Reached skill level 1 in Fire Magic
  7284 | D:8      | Reached skill level 7 in Dodging
  7284 | D:8      | Reached skill level 9 in Spellcasting
  7284 | D:8      | Reached skill level 2 in Fire Magic
  7285 | D:8      | Reached skill level 5 in Translocations
  7399 | D:8      | Reached XP level 10. HP: 50/50 MP: 18/25
  7462 | D:8      | Reached ** piety under Sif Muna
  7540 | D:8      | Found a sand-covered staircase.
  7546 | Ossuary  | Entered an ossuary
  7703 | Ossuary  | Reached skill level 6 in Stealth
  7703 | Ossuary  | Reached skill level 3 in Fire Magic
  7784 | Ossuary  | Reached *** piety under Sif Muna
  8173 | D:8      | Reached skill level 8 in Dodging
  8326 | D:8      | Reached skill level 4 in Fire Magic
  8636 | D:9      | Reached skill level 9 in Hexes
  8750 | D:9      | Reached skill level 9 in Conjurations
  8757 | D:9      | Reached **** piety under Sif Muna
  8758 | D:9      | Reached skill level 5 in Fire Magic
  8794 | D:9      | Found a staircase to the Lair.
  8894 | D:9      | Found Atopnaaj's Antique Weapon Shoppe.
  8972 | D:9      | Found an opulent altar of Gozag.
  9076 | D:9      | Noticed a two-headed ogre
  9084 | D:9      | Killed a two-headed ogre
  9085 | D:9      | Reached skill level 9 in Dodging
  9085 | D:9      | Reached skill level 7 in Stealth
  9085 | D:9      | Reached skill level 10 in Spellcasting
  9157 | D:9      | Reached XP level 11. HP: 54/54 MP: 27/27
  9196 | D:9      | Found an ancient bone altar of Kikubaaqudgha.
  9646 | D:10     | Entered Level 10 of the Dungeon
  9657 | D:10     | Found a snail-covered altar of Cheibriados.
  9845 | D:10     | Noticed Maggie
 10069 | Lair:1   | Entered Level 1 of the Lair of Beasts
 10082 | D:9      | Reached skill level 6 in Fire Magic
 10350 | D:10     | Noticed a skeletal warrior
 10355 | D:10     | Noticed a deep elf pyromancer
 10361 | D:10     | Killed a skeletal warrior
 10368 | D:10     | Killed a deep elf pyromancer
 10371 | D:10     | Killed Maggie
 10486 | D:10     | Identified the +2 chain mail "Huigief" {rPois rC- rN+
                  | Dex+3}
 10523 | D:10     | Noticed a two-headed ogre
 10529 | D:10     | Killed a two-headed ogre
 10530 | D:10     | Reached skill level 10 in Dodging
 10533 | D:10     | Reached skill level 10 in Hexes
 10722 | D:10     | Reached skill level 8 in Stealth
 10722 | D:10     | Reached skill level 7 in Fire Magic
 10997 | D:11     | Noticed a two-headed ogre
 10997 | D:11     | Noticed a red ugly thing
 11033 | D:11     | Found Zingid's Antique Armour Shop.
 11082 | D:11     | Noticed a two-headed ogre
 11082 | D:11     | Noticed a two-headed ogre
 11143 | D:11     | Noticed a seven-headed hydra
 11155 | D:10     | Killed a seven-headed hydra
 11156 | D:10     | Reached skill level 10 in Conjurations
 11287 | D:10     | Killed a red ugly thing
 11428 | D:11     | Killed a two-headed ogre
 11429 | D:11     | Reached skill level 11 in Dodging
 11429 | D:11     | Reached skill level 11 in Spellcasting
 11429 | D:11     | Reached XP level 12. HP: 16/59 MP: 15/29
 11440 | D:11     | Bought a pair of heavily runed boots for 228 gold pieces
 11440 | D:11     | Identified the +1 pair of boots "Vysatom" {Fly rF- rN+++
                  | Will-} (You bought it in a shop on level 11 of the Dungeon)
 11461 | D:11     | Noticed a two-headed ogre
 11471 | D:11     | Killed a two-headed ogre
 11472 | D:11     | Reached skill level 8 in Fire Magic
 11758 | D:11     | Found a portal to a secret trove of treasure.
 11797 | D:11     | Reached ***** piety under Sif Muna
 11929 | D:11     | Noticed an ice dragon
 11968 | D:11     | Killed a two-headed ogre
 12392 | D:11     | Killed a two-headed ogre
 12681 | Lair:1   | Reached skill level 9 in Stealth
 13014 | Lair:1   | Received a gift from Sif Muna
 13015 | Lair:1   | Reached skill level 11 in Hexes
 13015 | Lair:1   | Reached skill level 9 in Fire Magic
 13024 | Lair:1   | Reached skill level 12 in Dodging
 13026 | Lair:1   | Got Roxanne's Tome of Remoulded Spelunking {god gift}
 13033 | Lair:1   | Learned a level 5 spell: Lee's Rapid Deconstruction
 13160 | Lair:1   | Found a runed translucent door.
 13255 | Lair:1   | Noticed Bukhlaj's ghost (journeyman HOFi)
 13645 | Lair:2   | Reached skill level 1 in Earth Magic
 13645 | Lair:2   | Reached skill level 1 in Invocations
 13922 | Lair:2   | Reached skill level 2 in Earth Magic
 13922 | Lair:2   | Reached skill level 2 in Invocations
 14097 | Lair:2   | Found a staircase to the Shoals.
 14554 | Lair:2   | Reached skill level 3 in Earth Magic
 14602 | Lair:2   | Reached skill level 3 in Invocations
 14637 | Lair:2   | Reached XP level 13. HP: 63/63 MP: 30/30
 15038 | Lair:3   | Noticed Nessos
 15041 | Lair:3   | Reached skill level 12 in Spellcasting
 15149 | Lair:2   | HP: 5/63 [blink frog (13)]
 15485 | Lair:3   | Reached skill level 4 in Earth Magic
 15518 | Lair:3   | Found a hole to the Spider Nest.
 15531 | Lair:3   | Reached skill level 4 in Invocations
 15870 | Lair:3   | Reached skill level 11 in Conjurations
 16279 | Lair:3   | HP: 3/63 [Nessos/arrow (23)]
 16279 | Lair:3   | Shot with an arrow by Nessos

Vanquished Creatures
  2 hydras
  6 two-headed ogres
  A skeletal warrior (D:10)
  A deep elf pyromancer (D:10)
  A cyclops (D:10)
  An ugly thing (D:10)
  An oklob plant (Lair:1)
  10 elephants
  A merfolk siren (Lair:2)
  3 black mambas (Lair:3)
  Maggie (D:10)
  2 cane toads
  3 rime drakes
  4 komodo dragons (Lair:2)
  A kobold demonologist (D:10)
  A polar bear (Lair:2)
  A queen bee (Lair:2)
  A hornet (D:11)
  3 merfolk (Lair:2)
  Grinder (D:5)
  4 blink frogs (Lair:2)
  2 jumping spiders (Lair:3)
  A shadow (D:9)
  34 yaks
  3 wyverns
  3 steam dragons
  Menkaure (D:7)
  3 redbacks (Lair:3)
  9 water moccasins
  An acid dragon (D:10)
  6 orc warriors
  2 black bears
  An ice beast (D:4)
  An ogre (D:6)
  15 centaurs
  5 wolves (Lair:1)
  An elf zombie (Ossuary)
  14 bullfrogs
  2 kobold brigands
  A gnoll sergeant (D:5)
  2 elf skeletons (D:8)
  2 necrophages
  2 scorpions
  3 wights (D:6)
  40 killer bees
  5 howler monkeys
  2 electric eels
  A centaur zombie (Ossuary)
  3 human zombies (Ossuary)
  4 orc priests
  3 hounds
  A gnoll bouda (D:6)
  A jelly (D:8)
  2 iguanas
  6 orc wizards
  4 hell rats (Lair:1)
  2 mummies (Ossuary)
  Robin (D:2)
  10 gnolls
  11 river rats
  8 adders
  3 shadow imps
  2 white imps
  3 ufetubi
  An adder zombie (Ossuary)
  5 worms
  A dart slug (D:3)
  28 orcs
  6 endoplasms
  5 giant cockroaches
  10 goblins
  3 hobgoblins
  3 jackals (D:5)
  3 quokkas
  18 ball pythons
  5 bats
  3 frilled lizards
  A goblin zombie (Ossuary)
  7 hobgoblin zombies (Ossuary)
  3 jackal zombies (Ossuary)
  17 kobolds
  11 kobold zombies (Ossuary)
  3 orc skeletons (D:8)
  10 orc zombies
  30 rats
448 creatures vanquished.

Vanquished Creatures (others)
  A wizard (D:5)
  160 fulminant prisms
  74 fungi
  108 plants
343 creatures vanquished.

Grand Total: 791 creatures vanquished

Table legend: (Time is in decaauts)
 A = Elapsed time spent in this place.
 B = Non-inter-level travel time spent in this place.
 C = Inter-level travel time spent in this place.
 D = Time resting spent in this place.
 E = Time spent auto-exploring this place.
 F = Levels seen in this place.
 G = Mean time per level.
                   A        B        C        D        E       F      G
               +--------+--------+--------+--------+--------+-----+--------+
         Total |  16390 |  15671 |    719 |   3092 |   9488 |  17 |  964.1 |
       Dungeon |  11192 |  10617 |    575 |   1696 |   6857 |  11 | 1017.5 |
        Temple |    203 |    185 |     18 |      0 |    176 |   1 |  203.0 |
          Lair |   3871 |   3745 |    126 |   1108 |   2031 |   3 | 1290.3 |
         Sewer |    851 |    851 |      0 |    255 |    423 |   1 |  851.0 |
       Ossuary |    271 |    271 |      0 |     33 |      0 |   1 |  271.0 |
               +--------+--------+--------+--------+--------+-----+--------+

Top non-repeatable levels by time:
  Lair:2: 1912 daAuts
    D:10: 1855 daAuts
     D:9: 1487 daAuts
     D:7: 1210 daAuts
     D:5: 1209 daAuts
  Lair:1: 1156 daAuts
     D:8: 1065 daAuts
     D:1: 999 daAuts
     D:2: 971 daAuts
   Sewer: 851 daAuts
  Lair:3: 802 daAuts
     D:6: 695 daAuts
     D:3: 624 daAuts
     D:4: 565 daAuts
    D:11: 508 daAuts

Table legend:
 A = Non-vault XP
 B = Vault XP
 C = Vault XP percentage of total XP
 D = Non-vault monster count
 E = Vault monster count
 F = Vault count percentage of total count
                 A         B        C        D         E       F
            +---------+---------+-------+---------+---------+-------
      Total |   32928 |   12214 |  27.1 |     265 |     183 |  40.8
            +---------+---------+-------+---------+---------+-------
        D:1 |      17 |       1 |   5.6 |      13 |       1 |   7.1
        D:2 |      85 |      33 |  28.0 |      11 |      10 |  47.6
        D:3 |      18 |       0 |   0.0 |       6 |       0 |   0.0
        D:4 |     294 |      28 |   8.7 |      19 |       8 |  29.6
        D:5 |     612 |     297 |  32.7 |      16 |       2 |  11.1
        D:6 |     716 |       0 |   0.0 |      25 |       0 |   0.0
        D:7 |    1603 |     172 |   9.7 |      16 |       1 |   5.9
        D:8 |    1817 |    1079 |  37.3 |      27 |      13 |  32.5
        D:9 |    3784 |    1112 |  22.7 |      27 |      10 |  27.0
       D:10 |    6246 |    2380 |  27.6 |      39 |       4 |   9.3
       D:11 |    4660 |     206 |   4.2 |      16 |       1 |   5.9
     Lair:1 |    4590 |     497 |   9.8 |      25 |       1 |   3.8
     Lair:2 |    6605 |    3342 |  33.6 |      21 |      31 |  59.6
     Lair:3 |    1881 |    2298 |  55.0 |       4 |       8 |  66.7
      Sewer |       0 |     428 | 100.0 |       0 |      54 | 100.0
    Ossuary |       0 |     341 | 100.0 |       0 |      39 | 100.0
            +---------+---------+-------+---------+---------+-------
